 Dungeon Crawl Stone Soup version 0.32-a0-290-g598725c5f2 (webtiles) character file.

Game seed: 399277012808637667

5464 Newt the Skirmisher (level 11, -6/64 HPs)
             Began as a Kobold Hunter on Feb 13, 2024.
             Was a Follower of Hepliaklqana.
             Succumbed to Amaemon's poison
             ... on level 8 of the Dungeon.
             The game lasted 00:08:26 (8758 turns).

Newt the Skirmisher (Kobold Hunter)                 Turns: 8758, Time: 00:08:27

Health: -6/64      AC:  5    Str:  8    XL:     11   Next: 0%
Magic:  4/11       EV: 15    Int: 11    God:    Hepliaklqana [*.....]
Gold:   1231       SH:  0    Dex: 23    Spells: 10/10 levels left

rFire   + + .        a - +4 shortbow
rCold   + . .        (shield currently unavailable)
rNeg    . . .        u - +2 leather armour {rF+}
rPois   .            (helmet currently unavailable)
rElec   .            (cloak currently unavailable)
rCorr   .            (gloves currently unavailable)
SInv    .            (boots currently unavailable)
Will    .....        j - amulet of guardian spirit
Stlth   +++++        g - ring of protection from fire
HPRegen 0.30/turn    q - ring of protection from cold
MPRegen 0.12/turn

%: guardian spirit
@: lethally poisoned (-6 -> -92), beast-form, slowed, studying Stealth, very
slow
A: beast (slay +4), reduced essence, small, no large weapons, nightstalker 3
a: Begin Untransformation, Renounce Religion, Recall Ancestor, Ancestor Identity


You were on level 8 of the Dungeon.
You worshipped Hepliaklqana.
Hepliaklqana was aware of your devotion.
You were a hulking beast.
You visited 2 branches of the dungeon, and saw 9 of its levels.
You also visited: Sewer.

You collected 1531 gold pieces.
You spent 300 gold pieces at shops.

Inventory:

Hand Weapons
 a - a +4 shortbow (weapon)
Missiles
 D - a throwing net
Armour
 c - a +0 leather armour
 u - a +2 leather armour of fire resistance (worn)
 E - +0 acid dragon scales
Jewellery
 g - a ring of protection from fire (left hand)
 j - an amulet of guardian spirit (around neck)
 q - a ring of protection from cold (right hand)
 t - a ring of protection from cold
 A - a ring of willpower
Talismans
 f - a beast talisman (active)
Wands
 v - a wand of flame (26)
 B - a wand of iceblast (9)
 C - a wand of paralysis (13)
Scrolls
 b - a scroll of fear {unknown}
 k - 3 scrolls of teleportation
 m - a scroll of summoning
 n - a scroll of torment
 o - 2 scrolls of fog
 y - a scroll of noise {unknown}
 F - a scroll of poison {unknown}
Potions
 d - a potion of enlightenment {unknown}
 e - 3 potions of curing
 h - 2 potions of attraction {unknown}
 i - 2 potions of haste {unknown}
 l - 5 potions of degeneration
 p - 2 potions of might {unknown}
 r - 2 potions of berserk rage {unknown}
 s - a potion of magic {unknown}
 w - a potion of ambrosia {unknown}
 x - a potion of lignification {unknown}
 z - a potion of heal wounds
 G - a potion of mutation {unknown}
 H - a potion of brilliance {unknown}


   Skills:
 + Level 10.2 Fighting
 - Level 13.0 Ranged Weapons
 - Level 2.4 Dodging
 * Level 8.2 Stealth
 - Level 7.0 Shapeshifting


You had 10 spell levels left.
You didn't know any spells.
Your spell library contained the following spells:

 Spells                   Type           Power      Damage    Failure   Level
 Kiss of Death            Conj/Necr      0%         2d5       45%         1
 Magic Dart               Conj           0%         1d3       45%         1
 Searing Ray              Conj           0%         2d4       61%         2
 Confusing Touch          Hex            0%         N/A       83%         3
 Dazzling Flash           Conj/Hex       0%         N/A       83%         3
 Fugue of the Fallen      Necr           0%         N/A       83%         3
 Gell's Gravitas          Tloc           0%         N/A       83%         3
 Mephitic Cloud           Conj/Alch/Air  0%         N/A       83%         3
 Ozocubu's Armour         Ice            0%         N/A       83%         3
 Teleport Other           Tloc           0%         N/A       83%         3
 Dispel Undead            Necr           0%         3d6       99%         4
 Flame Wave               Conj/Fire      0%         2d4       99%         4
 Fulminant Prism          Conj/Alch      0%         3d5       99%         4
 Manifold Assault         Tloc           0%         N/A       99%         4
 Sticky Flame             Fire/Alch      0%         2d4       99%         4
 Curse of Agony           Necr           0%         N/A       100%        5
 Metabolic Englaciation   Hex/Ice        0%         N/A       100%        5
 Silence                  Hex/Air        0%         N/A       100%        5
 Dispersal                Tloc           0%         N/A       100%        6
 Sculpt Simulacrum        Ice/Alch       0%         N/A       100%        6
 Malign Gateway           Summ/Tloc      0%         N/A       100%        7


Dungeon Overview and Level Annotations

Branches:
Dungeon (8/15)             Temple (1/1) D:6           Sewer (visited)
   Lair: D:8-11

Altars:
Ashenzari
Cheibriados
Dithmenos
Elyvilon
Fedhas
Gozag
Hepliaklqana
Kikubaaqudgha
Makhleb
Nemelex Xobeh
Okawaru
Qazlal
Ru
Sif Muna
Trog
Uskayaw
Vehumet
Wu Jian
Xom
The Shining One

Shops:
D:2 (([   D:6 *

Annotations:
D:6 1 runed translucent door, TheLasagnaBaron's ghost, novice DjFE
D:8 Amaemon


Innate Abilities, Weirdness & Mutations

You are a hulking beast.
Your limbs bulge with bestial killing power. (Slay +4)
Your life essence is reduced to manifest your ancestor. (-10% HP)
You are small and have problems with some larger weapons.
You are completely attuned to the shadows.


Message History

Eseug barely misses Amaemon.
You shoot an arrow. Eseug avoids your attack.
The arrow completely misses Amaemon.
The arrow hits the orange demon.
The orange demon is lightly wounded.
You shoot an arrow. Eseug avoids your attack.
The arrow hits Amaemon but does no damage.
Amaemon is severely wounded.
Eseug closely misses Amaemon.
Amaemon hits Eseug with a +1 demon whip of venom!
Amaemon misses Eseug.
Amaemon barely misses Eseug.
You shoot an arrow. Eseug avoids your attack.
The arrow hits Amaemon.
Amaemon is severely wounded.
Amaemon barely misses Eseug.
Amaemon claws Eseug but does no damage.
Amaemon barely misses Eseug.
Eseug hits Amaemon!
You shoot an arrow. Eseug avoids your attack.
The arrow hits Amaemon but does no damage.
Amaemon is almost dead.
Amaemon hits Eseug with a +1 demon whip of venom!!
Eseug is destroyed!
You shoot an arrow. The arrow hits Amaemon!
Amaemon is almost dead.
You shoot an arrow. The arrow hits Amaemon.
Amaemon is almost dead.
Amaemon gestures wildly while chanting.
The orange demon stings you from afar!
You are poisoned.
You have difficulty breathing.
You feel yourself slow down.
You shoot an arrow. The arrow barely misses Amaemon.
The arrow hits the orange demon!
The orange demon is moderately wounded.
You feel very sick. The scorpion completely misses you.
The orange demon stings you from afar.
You are lethally poisoned!
You have difficulty breathing.
You feel as though you will be slow longer.
Amaemon hits you with a +1 demon whip of venom!
You are more poisoned.
Amaemon claws you! Amaemon tail-slaps you.
You die...
Hepliaklqana delivers you to your ancestors.

#.# #..)).. #.#
#.##### #.# #.# #.#
#.#.#.# #.#
#....##.#.#.# #.#
#....##.#.#.# #.#####
#....##.#.#.# #......
#....##.....##########
...s.h........>.....#.
#..s.#########.#.##.#.
####6# #.#.....~ #4#
####.#####~~ .s.
..........~≈ #.#
####.#####~~ ......#
#~≈ ####..####~~
........(..~


You could see Amaemon, an orange demon (curare) and 3 scorpions.

Vanquished Creatures
  Maggie (D:7)
  5 yaks (D:5)
  2 swamp worms (D:8)
  A water moccasin (D:6)
  An orc warrior (D:8)
  2 ice beasts
  3 black bears
  2 sky beasts
  2 ogres (D:5)
  3 centaurs
  2 phantoms
  3 kobold brigands (Sewer)
  3 bullfrogs
  A wyvern zombie (D:5)
  A gnoll sergeant (D:6)
  A water moccasin zombie (D:5)
  5 scorpions
  5 wights
  3 killer bees (D:7)
  4 howler monkeys
  2 bullfrog zombies (D:5)
  3 hounds
  2 jellies
  A bombardier beetle (D:3)
  4 orc priests
  A centaur skeleton (D:5)
  2 iguanas
  A sleepcap (D:6)
  A bullfrog skeleton (D:5)
  6 orc wizards
  2 hound zombies (D:5)
  A hound skeleton (D:5)
  3 gnolls (D:2)
  25 adders
  A river rat (Sewer)
  2 white imps
  4 ufetubi
  8 dart slugs
  8 ribbon worms
  20 orcs
  10 endoplasms
  6 giant cockroaches
  5 goblins
  6 hobgoblins
  9 jackals
  4 quokkas
  13 ball pythons
  4 bats
  6 frilled lizards
  10 kobolds
  11 rats
231 creatures vanquished.

Vanquished Creatures (collateral kills)
  A yak (D:5)
1 creature vanquished.

Vanquished Creatures (others)
  2 ancestors (D:8)
2 creatures vanquished.

Grand Total: 234 creatures vanquished

Notes
Turn   | Place    | Note
-------+----------+-------------------------------------------
     0 | D:1      | Newt the Kobold Hunter began the quest for the Orb.
     0 | D:1      | Reached XP level 1. HP: 12/12 MP: 1/1
   153 | D:1      | Reached XP level 2. HP: 18/18 MP: 2/2
   254 | D:1      | Reached skill level 6 in Ranged Weapons
   316 | D:1      | Reached XP level 3. HP: 22/22 MP: 3/3
   943 | D:2      | Reached XP level 4. HP: 28/28 MP: 4/4
  1021 | D:2      | Reached skill level 7 in Ranged Weapons
  1030 | D:2      | Reached XP level 5. HP: 16/32 MP: 5/5
  1263 | D:2      | Reached skill level 1 in Shapeshifting
  1273 | D:2      | Found Doecam's Armour Shop.
  1387 | D:2      | Found Muproapt's Weapon Shop.
  1614 | D:2      | Found Felixep's Weapon Shoppe.
  1856 | D:2      | Reached XP level 6. HP: 35/38 MP: 4/6
  2416 | D:3      | Identified the +3 long sword of Might {flame, +Blink rN+}
  3002 | D:3      | Reached XP level 7. HP: 44/44 MP: 7/7
  3160 | D:4      | Reached skill level 5 in Fighting
  3422 | D:4      | Reached skill level 5 in Shapeshifting
  3422 | D:4      | Reached XP level 8. HP: 47/51 MP: 6/8
  3517 | D:2      | Bought a +2 leather armour of fire resistance for 228 gold
                  | pieces
  3914 | D:4      | Found a shadowy altar of Dithmenos.
  3950 | D:4      | Found a hide-covered altar of Uskayaw.
  4190 | D:5      | Entered Level 5 of the Dungeon
  4190 | D:5      | Found a shimmering blue altar of Sif Muna.
  4190 | D:5      | Found a white marble altar of Elyvilon.
  4190 | D:5      | Found a burning altar of Makhleb.
  4191 | D:5      | Identified a scroll of acquirement
  4192 | D:5      | Acquired 1071 gold pieces
  4229 | D:5      | Noticed a yak
  4236 | D:5      | Killed a yak
  4312 | D:5      | Found a glowing drain.
  4320 | Sewer    | Entered a sewer
  4807 | Sewer    | Reached XP level 9. HP: 34/57 MP: 6/9
  5022 | D:5      | Found an opulent altar of Gozag.
  5121 | D:5      | Reached skill level 8 in Ranged Weapons
  5468 | D:5      | Reached skill level 9 in Ranged Weapons
  5715 | D:5      | Reached skill level 10 in Ranged Weapons
  5969 | D:5      | Reached XP level 10. HP: 65/65 MP: 10/10
  5972 | D:5      | Reached skill level 11 in Ranged Weapons
  6682 | D:6      | Reached skill level 12 in Ranged Weapons
  6783 | D:6      | Found a runed translucent door.
  6783 | D:6      | Noticed TheLasagnaBaron's ghost (novice DjFE)
  6833 | D:6      | Got the Folio of the Vector and Incandescence
  6895 | D:6      | Found a staircase to the Ecumenical Temple.
  6946 | D:6      | Found Plaserph's Practical Paraphernalia.
  6975 | Temple   | Entered the Ecumenical Temple
  6980 | Temple   | Became a worshipper of Hepliaklqana the Forgotten
  7019 | D:6      | Bought a wand of paralysis (3) for 72 gold pieces
  7572 | D:7      | Reached skill level 13 in Ranged Weapons
  7815 | D:7      | Noticed Maggie
  7819 | D:7      | Paralysed by Maggie for 5 turns
  7834 | D:7      | Killed Maggie
  7987 | D:7      | Reached skill level 5 in Stealth
  8146 | D:7      | Reached * piety under Hepliaklqana
  8365 | D:8      | Reached skill level 10 in Fighting
  8662 | D:8      | Reached XP level 11. HP: 50/64 MP: 8/11
  8744 | D:8      | Noticed Amaemon
  8758 | D:8      | Succumbed to Amaemon's poison

Illustrated notes

Levels and vault maps discovered:
D:1:      dpeg_arrival_arbitrary_c, layout_basic
D:2:      layout_basic, serial_shops, nicolae_shop_tiny_real_fake_doors,
          nicolae_shop_pleasant_corner_grove, nicolae_diamond_shop,
          minmay_snake_closets
D:3:      minmay_chambers_of_twos, layout_loops_ring
D:4:      layout_loops_ring, nicolae_overflow_hidden_temple, lemuel_doored_altar
D:5:      layout_loops_ring, overflow_temple_1_default,
          chequers_temple_overflow_statue_of_worship, serial_undead,
          serial_undead_d, serial_undead_c, serial_undead_e, serial_undead_e,
          portal_sewer_entry_b, hex_large, minmay_splitting_lines,
          nicolae_kite_square_tiling_tiny, minmay_manual_monstrance
D:6:      layout_basic, minmay_temple_entry_trees, gammafunk_ghost_grave,
          st_stairs_5, kennysheep_another_room, nicolae_alphabet_shops
D:7:      layout_basic, item_on_display_a, uniq_maggie
D:8:      layout_basic, serial_shops, shop, worms_lemuel, uniq_amaemon
Temple:   nicolae_temple_ecumenical_triangle

Skill      XL: |  1  2  3  4  5  6  7  8  9 10 |
---------------+-------------------------------+-----
Ranged Weapons | 6 7 10 13 | 13.0
Fighting       | 3 4 5 7 8 10 | 10.2
Shapeshifting  | 2 3 5 7 |  7.0
Stealth        | 8 |  8.2
Dodging        | |  2.4

Action                     |  1- 3 |  4- 6 |  7- 9 | 10-12 || total
---------------------------+-------+-------+-------+-------++-------
   Fire: Shortbow          |    50 |   162 |   293 |   192 ||   697
    Use: Potion            |     1 |     1 |     3 |       ||     5
         Scroll            |       |     8 |     5 |       ||    13
 Armour: Leather armour    |    11 |    27 |    68 |    41 ||   147
  Dodge: Dodged            |    21 |    59 |    96 |    57 ||   233
   Form: Beast             |       |     1 |       |       ||     1

Table legend: (Time is in decaauts)
 A = Elapsed time spent in this place.
 B = Non-inter-level travel time spent in this place.
 C = Inter-level travel time spent in this place.
 D = Time resting spent in this place.
 E = Time spent auto-exploring this place.
 F = Levels seen in this place.
 G = Mean time per level.
                   A        B        C        D        E       F      G
               +--------+--------+--------+--------+--------+-----+--------+
         Total |   8966 |   8598 |    368 |    595 |   6795 |  10 |  896.6 |
       Dungeon |   8092 |   7733 |    359 |    595 |   6073 |   8 | 1011.5 |
        Temple |     10 |      1 |      9 |      0 |      0 |   1 |   10.0 |
         Sewer |    863 |    863 |      0 |      0 |    721 |   1 |  863.0 |
               +--------+--------+--------+--------+--------+-----+--------+

Top non-repeatable levels by time:
     D:5: 1381 daAuts
     D:2: 1354 daAuts
     D:7: 1130 daAuts
     D:4: 1038 daAuts
     D:6: 947 daAuts
     D:3: 938 daAuts
     D:1: 894 daAuts
   Sewer: 863 daAuts
     D:8: 407 daAuts
  Temple: 10 daAuts
